 Dungeon Crawl Stone Soup version 0.29.0-4-gdea44cf6ec (webtiles) character file.

Game seed: 6560554794568141442

111 qw the Chopper (level 4, -1/26 HPs)
             Began as a Tengu Warper on Aug 28, 2022.
             Succumbed to a kobold's poison
             ... on level 3 of the Dungeon.
             The game lasted 00:00:12 (2266 turns).

qw the Chopper (Tengu Warper)                       Turns: 2266, Time: 00:00:13

Health: -1/26      AC:  6    Str: 13    XL:     4   Next: 92%
Magic:  8/8        EV: 13    Int: 14    God:
Gold:   271        SH:  0    Dex: 13    Spells: 7/7 levels left

rFire   . . .      SeeInvis .   Y - +0 hand axe
rCold   . . .      Faith    .   (no shield)
rNeg    . . .      Spirit   .   d - +0 scale mail
rPois   .          Reflect  .   (helmet restricted)
rElec   .          Harm     .   (no cloak)
rCorr   .          Rampage  .   (no gloves)
Will    .....                   (boots unavailable)
Stlth   ..........              (no amulet)
HPRegen 0.08/turn               g - +4 ring of evasion
MPRegen 0.11/turn               (no ring)

@: lethally poisoned (-1 -> -18)
A: beak, talons 3
a: no special abilities


You were on level 3 of the Dungeon.
You visited 1 branch of the dungeon, and saw 3 of its levels.

You collected 271 gold pieces.


Innate Abilities, Weirdness & Mutations

You have a beak for a mouth.
You have claws for feet.


   Skills:
 - Level 2.0 Fighting
 + Level 5.4 Axes
 - Level 1.0 Throwing
 - Level 1.1 Armour
 - Level 2.1 Dodging
 - Level 2.0 Spellcasting
 - Level 2.4 Translocations


You had 7 spell levels left.
You didn't know any spells.
Your spell library contained the following spells:

 Spells                   Type           Power      Damage    Failure   Level
 Blink                    Tloc           16%        N/A       54%         2
 Gell's Gravitas          Tloc           8%         N/A       78%         3
 Lesser Beckoning         Tloc           8%         N/A       78%         3
 Teleport Other           Tloc           8%         N/A       78%         3
 Manifold Assault         Tloc           8%         N/A       100%        5

Inventory:

Hand Weapons
 i - a +0 whip
 Y - a +0 hand axe (weapon)
Armour
 d - a +0 scale mail (worn)
Jewellery
 g - a +4 ring of evasion (left hand)
Scrolls
 j - a scroll of identify
Potions
 a - a potion of curing {unknown}
 b - a potion of lignification {unknown}
 c - a potion of ambrosia {unknown}
 e - a potion of degeneration {unknown}

Dungeon Overview and Level Annotations

Branches:
Dungeon (3/15)

Altars:


Message History

You closely miss the orc. Your kick misses the orc.
The orc hits you with a +0 hand axe.
You hit the orc.
The orc is lightly wounded.
The orc hits you with a +0 hand axe.
You slash the orc!
You kill the orc!
The kobold throws a poisoned dart.
The poisoned dart hits you!
You are poisoned.
2254 ||| FLEEEEING.
You feel very sick.
2255 ||| FLEEEEING.
You feel sick.
The kobold throws a poisoned dart.
The poisoned dart closely misses you.
2256 ||| FLEEEEING.
You feel sick.
The kobold throws a poisoned dart.
The poisoned dart barely misses you.
2257 ||| FLEEEEING.
You feel sick.
The kobold throws a poisoned dart.
The poisoned dart closely misses you.
You see here a bat corpse.
2258 ||| FLEEEEING.
You feel sick.
You feel sick.
You feel sick.
2261 ||| FLEEEEING.
You feel sick.
You are no longer poisoned.
You see here a hobgoblin corpse.
2262 ||| FLEEEEING.
2263 ||| FLEEEEING.
The kobold throws a poisoned dart.
The poisoned dart hits you!
You are lethally poisoned!
2264 ||| FLEEEEING.
You feel sick.
2265 ||| FLEEEEING.
You feel sick.
The kobold throws a poisoned dart.
The poisoned dart hits you!
You are more poisoned.
2266 ||| FLEEEEING.
You die...

#....#####%..#......
#(#...........#####
#..###K.....### #
#.%.%.#....# #
###.#.###### ##
#...#.# ####. #.###.#
####.... #.# #.#
###....### #@#
#.###...##.... #.#
#.#...####.### #.#
#.#.### #..#
#######.###...# ##.##
#.........#..#####..#
#.........#<.##....##
#............#..####
#.........#.##.##
#..............#


There were no monsters in sight!

Vanquished Creatures
  An orc priest (D:3)
  2 adders
  2 worms (D:2)
  2 dart slugs
  3 orcs (D:3)
  7 bats
  5 endoplasms
  4 giant cockroaches
  4 goblins
  4 hobgoblins
  A jackal (D:3)
  A quokka (D:1)
  2 ball pythons
  3 frilled lizards
  3 kobolds
  3 rats
47 creatures vanquished.

Notes
Turn   | Place    | Note
-------+----------+-------------------------------------------
     0 | D:1      | qw the Tengu Warper began the quest for the Orb.
     0 | D:1      | Reached XP level 1. HP: 12/12 MP: 4/4
     0 | D:1      | 0 ||| qw: Version: 0.1-a-89-g26bdef1
     0 | D:1      | 0 ||| qw: Game counter: 2628
     0 | D:1      | 0 ||| qw: Always use a shield: true
     0 | D:1      | 0 ||| qw: God list: Okawaru
     0 | D:1      | 0 ||| qw: Allow faded altars: false
     0 | D:1      | 0 ||| qw: Do Orc after D:15 true
     0 | D:1      | 0 ||| qw: Do second Lair branch before Depths: true
     0 | D:1      | 0 ||| qw: Lair rune preference: random
     0 | D:1      | 0 ||| qw: Plans: Normal
     0 | D:1      | 0 ||| PLANNING D:1-11
   149 | D:1      | Reached XP level 2. HP: 12/17 MP: 6/6
   239 | D:1      | Reached skill level 3 in Axes
   256 | D:1      | Found a faded altar of an unknown god.
   293 | D:1      | 293 ||| DROPPING +0 club.
   552 | D:1      | 552 ||| Stepping ~*~*~tactically~*~*~ (stealth).
   554 | D:1      | 554 ||| Stepping ~*~*~tactically~*~*~ (stealth).
   556 | D:1      | 556 ||| Stepping ~*~*~tactically~*~*~ (stealth).
   558 | D:1      | 558 ||| Stepping ~*~*~tactically~*~*~ (stealth).
   560 | D:1      | 560 ||| Stepping ~*~*~tactically~*~*~ (stealth).
   574 | D:1      | 574 ||| Stepping ~*~*~tactically~*~*~ (stealth).
   640 | D:1      | 640 ||| DROPPING orb of mayhem.
   641 | D:1      | 641 ||| UPGRADING to +0 ring mail.
   651 | D:1      | 651 ||| DROPPING +0 leather armour.
   652 | D:1      | 652 ||| UPGRADING to +4 ring of evasion.
   653 | D:1      | 653 ||| READING scroll labelled OLIETIX YBLOF.
   654 | D:1      | 654 ||| DROPPING scroll of blinking.
   662 | D:2      | 662 ||| STAIRDANCE
   774 | D:2      | Reached XP level 3. HP: 17/21 MP: 7/7
   862 | D:2      | Reached skill level 4 in Axes
  1286 | D:2      | 1286 ||| Stepping ~*~*~tactically~*~*~ (stealth).
  1287 | D:2      | 1287 ||| Stepping ~*~*~tactically~*~*~ (stealth).
  1806 | D:2      | 1806 ||| UPGRADING to +0 scale mail.
  1816 | D:2      | 1816 ||| DROPPING +0 ring mail.
  1817 | D:2      | 1817 ||| READING scroll labelled DIYCVUEROT.
  1818 | D:2      | 1818 ||| READING scroll labelled TEOS XECHOWK.
  1819 | D:2      | 1819 ||| READING scroll labelled GOWKACW LAEDD.
  1820 | D:2      | 1820 ||| READING 2 scrolls labelled EMYES AGAEQI.
  1924 | D:3      | 1924 ||| Stepping ~*~*~tactically~*~*~ (stealth).
  1929 | D:3      | Reached XP level 4. HP: 26/26 MP: 8/8
  1940 | D:3      | Reached skill level 5 in Axes
  2042 | D:3      | 2042 ||| Stepping ~*~*~tactically~*~*~ (stealth).
  2211 | D:3      | 2211 ||| Stepping ~*~*~tactically~*~*~ (stealth).
  2254 | D:3      | 2254 ||| FLEEEEING.
  2255 | D:3      | 2255 ||| FLEEEEING.
  2256 | D:3      | 2256 ||| FLEEEEING.
  2257 | D:3      | 2257 ||| FLEEEEING.
  2258 | D:3      | 2258 ||| FLEEEEING.
  2261 | D:3      | 2261 ||| FLEEEEING.
  2261 | D:3      | HP: 6/26 [poisoned by a kobold]
  2262 | D:3      | 2262 ||| FLEEEEING.
  2263 | D:3      | 2263 ||| FLEEEEING.
  2264 | D:3      | 2264 ||| FLEEEEING.
  2265 | D:3      | 2265 ||| FLEEEEING.
  2266 | D:3      | 2266 ||| FLEEEEING.
  2266 | D:3      | Succumbed to a kobold's poison

Levels and vault maps discovered:
D:1:      minmay_arrival_four_circles, layout_rooms, serial_curves,
          eino_curves_02, eino_curves_01, shapermc_ecumenical_altar_acropolis
D:2:      layout_basic
D:3:      layout_rooms, hangedman_decor_opposing, chequers_jeans,
          minmay_circle_x

Skill      XL: |  1  2  3  4 |
---------------+-------------+-----
Axes           | 3 4 5 |  5.4
Fighting       | |  2.0
Throwing       | |  1.0
Armour         | |  1.1
Dodging        | |  2.1
Spellcasting   | |  2.0
Translocations | |  2.4

Action                   |  1- 3 |  4- 6 || total
-------------------------+-------+-------++-------
Melee: Hand axe          |    60 |    36 ||    96
       Peck              |     8 |     5 ||    13
       Kick              |    18 |     5 ||    23
Throw: Boomerang         |     7 |       ||     7
       Javelin           |    18 |     5 ||    23
  Use: Scroll            |     5 |       ||     5
Armor: Leather armour    |     5 |       ||     5
       Scale mail        |     3 |     7 ||    10
       Ring mail         |     2 |       ||     2
Dodge: Dodged            |    37 |    24 ||    61

Table legend:
 A = Non-vault XP
 B = Vault XP
 C = Vault XP percentage of total XP
 D = Non-vault monster count
 E = Vault monster count
 F = Vault count percentage of total count
                 A         B        C        D         E       F
            +---------+---------+-------+---------+---------+-------
      Total |     136 |      23 |  14.5 |      41 |       6 |  12.8
            +---------+---------+-------+---------+---------+-------
        D:1 |      25 |       0 |   0.0 |      13 |       0 |   0.0
        D:2 |      47 |       0 |   0.0 |      17 |       0 |   0.0
        D:3 |      64 |      23 |  26.4 |      11 |       6 |  35.3
            +---------+---------+-------+---------+---------+-------
